 Dungeon Crawl Stone Soup version 0.21.1-72-gffa868e (webtiles) character file.

2061 Madoushi the Cleaver (level 9, -13/117 HPs)
             Began as a Minotaur Berserker on Aug 5, 2018.
             Was an Elder of Trog.
             Killed from afar by Madoushi's ghost (31 damage)
             ... with a stone arrow
             ... on level 6 of the Dungeon.
             The game lasted 00:16:26 (5737 turns).

Madoushi the Cleaver (Minotaur Berserker)           Turns: 5737, Time: 00:16:27

Health: -13/117    AC:  6    Str: 31    XL:     9   Next: 5%
Magic:  8/8        EV: 15    Int:  4    God:    Trog [****..]
Gold:   302        SH:  0    Dex: 18    Spells: 8/8 levels left

rFire    . . .     SeeInvis .   t - +10 hand axe of Trog's Displeasure {elec, MR+ Dex+6}
rCold    . . .     Gourm    .   (no shield)
rNeg     . . .     Faith    .   d - +0 ring mail
rPois    .         Spirit   .   (helmet restricted)
rElec    .         Reflect  .   w - scarf {cloud immunity}
rCorr    .         Harm     .   (no gloves)
MR       +....                  (no boots)
Stlth    ..........             (no amulet)
HPRegen  0.29/turn              i - +3 ring of dexterity
MPRegen  0.11/turn              (no ring)

@: berserking, drained, very quick
A: retaliatory headbutt, horns 2
a: Berserk, Trog's Hand, Brothers in Arms, Burn Spellbooks, Renounce Religion


You were on level 6 of the Dungeon.
You worshipped Trog.
Trog was greatly pleased with you.
You were not hungry.

You visited 1 branch of the dungeon, and saw 6 of its levels.

You collected 302 gold pieces.

Inventory:

Hand Weapons
 a - a +0 hand axe
 f - a +2 mace of protection
 t - the +10 hand axe of Trog's Displeasure (weapon) {elec, MR+ Dex+6}
   (You found it on level 5 of the Dungeon)

   Occasionally, upon striking a foe, it will discharge some electrical energy
   and cause terrible harm.
   It affects your dexterity (+6).
   It affects your resistance to hostile enchantments.
Missiles
 j - 9 needles of sleeping
 k - 2 exploding tomahawks (quivered)
Armour
 b - a +0 animal skin
 d - a +0 ring mail (worn)
 l - a scarf of cloud immunity
 w - a scarf of cloud immunity (worn)
 z - a +0 scale mail
Jewellery
 i - a +3 ring of dexterity (left hand)
Wands
 m - a wand of iceblast (4)
 n - a wand of enslavement (17)
 u - a wand of polymorph (7)
 D - a wand of flame (32)
Scrolls
 e - 3 scrolls of remove curse
 g - 2 scrolls of noise {unknown}
 o - 2 scrolls of teleportation
 p - a scroll of identify
 x - 3 scrolls of blinking
 y - 2 scrolls of immolation {unknown}
 A - a scroll of enchant weapon {unknown}
 B - a scroll of fear {unknown}
 C - a scroll of enchant armour {unknown}
Potions
 h - a potion of curing {unknown}
 q - a potion of flight
 r - a potion of lignification {unknown}
 s - a potion of might {unknown}
 v - a potion of invisibility {unknown}
 E - 2 potions of agility
Comestibles
 c - 13 rations


   Skills:
 + Level 6.6(6.0) Fighting
 + Level 9.4(8.8) Axes
 + Level 7.2(6.7) Armour
 + Level 5.9(5.3) Dodging
 + Level 2.1(1.6) Stealth
 + Level 0.4(0.0) Evocations


You had 8 spell levels left.
You didn't know any spells.

Dungeon Overview and Level Annotations

Branches:
Dungeon (6/15)             Temple (0/1) D:5

Altars:
Ru
Sif Muna
Uskayaw

Annotations:
D:6 2 transporters, Madoushi's ghost, novice GrEE


Innate Abilities, Weirdness & Mutations

You reflexively headbutt those who attack you in melee.
You have a pair of horns on your head.


Message History

The blast of sand hits you!
You hit Madoushi's ghost.
Madoushi's ghost is almost destroyed.
Madoushi's ghost casts a spell at you. The blast of sand misses you.
You hit Madoushi's ghost but do no damage.
Madoushi's ghost is almost destroyed.
Madoushi's ghost points at you and mumbles some strange words.
The blast of sand hits you!
Your ring mail prevents you from hitting Madoushi's ghost.
You headbutt Madoushi's ghost.
Madoushi's ghost is almost destroyed.
Madoushi's ghost points at you and mumbles some strange words.
The stone arrow hits you!
* * * LOW HITPOINT WARNING * * *
A red film seems to cover your vision as you go berserk!
You feel yourself moving faster!
You feel mighty!
You feel a lot more hungry. Madoushi's ghost casts a spell at you.
The stone arrow hits you!
You die...

######
####....#############
...'.................
#....#########....
#>.......†...'....
#............#....
#.###........#####
#@# #........#
..'..sW.# #.......##
..#.#.#.# #.......#
#.#.# #.......# # #.#
#.......# #.# #.. ###


You could see Madoushi's ghost and a giant cockroach.

Vanquished Creatures
  The ghost of wojtek the Cleaver, a novice MiFi (D:5)
  Grinder (D:3)
  An ice beast (D:6)
  An orc warrior (D:6)
  A phantom (D:6)
  3 ogres
  A centaur (D:5)
  A gnoll sergeant (D:6)
  A bullfrog (D:6)
  A howler monkey (D:6)
  A crimson imp (D:5)
  4 hounds
  5 orc wizards
  Jessica (D:3)
  An iguana (D:5)
  Ijyb (D:2)
  5 worker ants
  A hound zombie (D:6)
  A hound skeleton (D:6)
  Robin (D:3)
  5 gnolls (D:6)
  11 adders
  2 oozes
  An adder zombie (D:5)
  An adder skeleton (D:6)
  A worm (D:3)
  2 dart slugs
  2 leopard geckos
  12 orcs
  3 giant cockroaches
  19 goblins
  11 hobgoblins
  6 jackals
  5 quokkas
  3 ball pythons
  2 ball python skeletons
  7 bats
  8 frilled lizards
  A jackal skeleton (D:4)
  9 kobolds
  A leopard gecko skeleton (D:4)
  A quokka skeleton (D:5)
  6 rats
152 creatures vanquished.

Vanquished Creatures (others)
  An orc (D:3)
  A goblin (D:3)
2 creatures vanquished.

Grand Total: 154 creatures vanquished

Notes
Turn   | Place    | Note
-------+----------+-------------------------------------------
     0 | D:1      | Madoushi the Minotaur Berserker began the quest for the Orb.
     0 | D:1      | Reached XP level 1. HP: 19/19 MP: 0/0
   174 | D:1      | Reached XP level 2. HP: 26/27 MP: 1/1
   215 | D:1      | Reached skill level 4 in Axes
   436 | D:1      | Reached ** piety under Trog
   436 | D:1      | Reached XP level 3. HP: 30/33 MP: 2/2
  1145 | D:2      | Found a hide-covered altar of Uskayaw.
  1255 | D:2      | Reached XP level 4. HP: 27/40 MP: 3/3
  1447 | D:2      | Noticed Ijyb
  1491 | D:2      | Reached skill level 5 in Axes
  1496 | D:2      | Killed Ijyb
  1900 | D:2      | Found a faded altar of an unknown god.
  2041 | D:3      | Noticed Jessica
  2061 | D:3      | Killed Jessica
  2061 | D:3      | Reached XP level 5. HP: 38/47 MP: 4/4
  2218 | D:3      | Noticed Grinder
  2233 | D:3      | Killed Grinder
  2233 | D:3      | Reached *** piety under Trog
  2233 | D:3      | Reached skill level 6 in Axes
  2233 | D:3      | Reached skill level 1 in Stealth
  2233 | D:3      | Reached XP level 6. HP: 28/55 MP: 5/5
  2993 | D:3      | Noticed Robin
  2994 | D:3      | Reached skill level 5 in Fighting
  3004 | D:3      | Killed Robin
  3446 | D:4      | Reached skill level 7 in Axes
  3446 | D:4      | Reached XP level 7. HP: 56/61 MP: 6/6
  4064 | D:5      | Entered Level 5 of the Dungeon
  4073 | D:5      | Got a steaming hand axe
  4082 | D:5      | Identified the +10 hand axe of Trog's Displeasure {elec, MR+ Dex+6} (You found it on level 5 of the Dungeon)
  4150 | D:5      | Reached skill level 5 in Armour
  4500 | D:5      | Noticed wojtek's ghost (novice MiFi)
  4508 | D:5      | Killed wojtek's ghost
  4508 | D:5      | Reached skill level 8 in Axes
  4508 | D:5      | Reached skill level 5 in Dodging
  4508 | D:5      | Reached XP level 8. HP: 46/70 MP: 7/7
  4650 | D:5      | Reached **** piety under Trog
  4702 | D:5      | Found a staircase to the Ecumenical Temple.
  4850 | D:5      | Found a deep blue altar of Sif Muna.
  4883 | D:5      | Found a sacrificial altar of Ru.
  5234 | D:6      | Found a transporter.
  5242 | D:6      | Reached skill level 9 in Axes
  5312 | D:6      | Found a transporter.
  5619 | D:6      | Reached XP level 9. HP: 78/78 MP: 8/8
  5724 | D:6      | Noticed Madoushi's ghost (novice GrEE)
  5737 | D:6      | Killed from afar by Madoushi's ghost

Skill      XL: |  1  2  3  4  5  6  7  8 |
---------------+-------------------------+-----
Axes           | 4 5 6 7 8 9 |  9.4
Fighting       | 4 5 6 |  6.6
Dodging        | 3 4 5 |  5.9
Stealth        | 1 2 |  2.1
Armour         | 3 5 7 |  7.2
Evocations     | |  0.4

Action                   |  1- 3 |  4- 6 |  7- 9 || total
-------------------------+-------+-------+-------++-------
Melee: Hand axe          |    82 |   137 |   114 ||   333
       Headbutt          |    13 |    22 |    30 ||    65
Invok: Berserk           |       |     2 |     2 ||     4
       Burn Spellbooks   |       |     1 |       ||     1
Evoke: Wand              |       |     4 |       ||     4
  Use: Scroll            |     2 |     3 |     3 ||     8
 Stab: Distracted        |       |       |     1 ||     1
       Sleeping          |       |       |     1 ||     1
  Eat: Chunk             |     1 |     9 |     3 ||    13
       Ration            |       |       |     2 ||     2
Armor: Animal skin       |    23 |     6 |       ||    29
       Ring mail         |       |    29 |    18 ||    47
Dodge: Dodged            |    50 |    78 |    54 ||   182
